 Dungeon Crawl Stone Soup version 0.31.0-11-ge490571c62 (webtiles) character file.

Game seed: 17234919530477144681

140 qw the Skirmisher (level 5, -1/29 HPs)
             Began as a Deep Elf Hunter on Feb 4, 2024.
             Slain by a phantom (3 damage)
             ... on level 4 of the Dungeon.
             The game lasted 00:00:09 (2210 turns).

qw the Skirmisher (Deep Elf Hunter)                 Turns: 2210, Time: 00:00:09

Health: -1/29      AC:  7    Str: 10    XL:     5   Next: 2%
Magic:  7/7        EV: 11    Int: 14    God:
Gold:   158        SH:  0    Dex: 18    Spells: 4/4 levels left

rFire   + . .        a - +0 shortbow
rCold   . . .        (shield currently unavailable)
rNeg    + . .        f - +0 ring mail {rF+}
rPois   .            e - +1 helmet
rElec   .            (no cloak)
rCorr   .            (no gloves)
SInv    .            (no boots)
Will    .....        (no amulet)
Stlth   +            c - ring of positive energy
HPRegen 0.24/turn    (no ring)
MPRegen 0.10/turn

%: no passive effects
@: no status effects
A: no striking features
a: no special abilities


You were on level 4 of the Dungeon.
You visited 1 branch of the dungeon, and saw 4 of its levels.

You collected 158 gold pieces.


   Skills:
 - Level 1.5 Fighting
 + Level 8.4 Ranged Weapons
 - Level 2.4 Dodging
 - Level 1.2 Stealth


You had 4 spell levels left.
You didn't know any spells.
Your spell library was empty.

Inventory:

Hand Weapons
 a - a +0 shortbow (weapon)
Armour
 e - a +1 helmet (worn)
 f - a +0 ring mail of fire resistance (worn)
Jewellery
 c - a ring of positive energy (left hand)
Wands
 b - a wand of charming (10)
Scrolls
 g - a scroll of amnesia {unknown}
Potions
 d - a potion of resistance
 i - a potion of berserk rage {unknown}
 k - 2 potions of curing

Dungeon Overview and Level Annotations

Branches:
Dungeon (4/15)
 Temple: D:4-7

Altars:
Qazlal

Annotations:
D:4 Dowan, Duvessa


Message History

Duvessa is almost dead.
Dowan mumbles some strange words.
Dowan blinks!
Duvessa hits you with a +0 short sword!
2199 ||| RETREEEEATING.
The phantom attacks as it pursues you! The phantom barely misses you.
You shoot an arrow. The arrow hits the phantom.
The phantom is lightly damaged.
The phantom hits you but does no damage. x2
You shoot an arrow. The arrow barely misses the phantom.
The arrow barely misses Duvessa.
The phantom hits you.
You shoot an arrow. The arrow closely misses the phantom.
The arrow hits Duvessa.
Duvessa is almost dead.
The phantom closely misses you.
You shoot an arrow. The arrow misses the phantom.
The arrow hits Duvessa.
Duvessa is almost dead.
The phantom hits you.
The phantom blinks!
You blink.
2204 ||| RETREEEEATING.
2205 ||| RETREEEEATING.
Duvessa closely misses you.
2206 ||| RETREEEEATING.
You shoot an arrow. The arrow misses the phantom.
The arrow hits Duvessa but does no damage.
Duvessa is almost dead.
The phantom hits you.
You shoot an arrow. The arrow hits the phantom.
The phantom is moderately damaged.
The phantom hits you but does no damage.
You shoot an arrow.
The arrow hits the phantom but does no damage.
The phantom is moderately damaged.
Dowan says, "My weaknesses are her strengths!"
Dowan casts a spell.
Dowan blinks!
The phantom closely misses you.
You shoot an arrow. The arrow closely misses the phantom.
The arrow hits Duvessa but does no damage.
Duvessa is almost dead.
The phantom hits you.
You die...

.......# ...###
#........# ....
.........####W#
......e..#..%.###
........>.......#
.......#...####.#
.......+......#.#
.......#..ยค##.#
# .........#eW@.#
..####.#.#.####
#.#.#.# .#
#.#.#.#..#
#.#.#.#..#.#
#.#.#.#..#.#
..#.#.#..#.#
#.#........#
#######.##.#.#


You could see Duvessa, a phantom and Dowan.

Vanquished Creatures
  3 gnolls (D:3)
  5 adders
  8 endoplasms
  A giant cockroach (D:1)
  6 goblins
  5 hobgoblins
  6 jackals
  4 ball pythons
  8 bats
  11 frilled lizards
  5 kobolds
  5 rats
67 creatures vanquished.

Notes
Turn   | Place    | Note
-------+----------+-------------------------------------------
     0 | D:1      | qw the Deep Elf Hunter began the quest for the Orb.
     0 | D:1      | Reached XP level 1. HP: 12/12 MP: 3/3
     0 | D:1      | 0 ||| qw: Version: 0.3-a-160-g6735b56
     0 | D:1      | 0 ||| qw: Game counter: 5003
     0 | D:1      | 0 ||| qw: Melee chars always use a shield: true
     0 | D:1      | 0 ||| qw: God list: Okawaru
     0 | D:1      | 0 ||| qw: Allow faded altars: false
     0 | D:1      | 0 ||| qw: Do Orc after clearing Dungeon:15 true
     0 | D:1      | 0 ||| qw: Do second Lair branch before Depths: true
     0 | D:1      | 0 ||| qw: Lair rune preference: random
     0 | D:1      | 0 ||| qw: Goals: Normal
     0 | D:1      | 0 ||| PLANNING D:1-11
   177 | D:1      | Reached XP level 2. HP: 16/16 MP: 4/4
   193 | D:1      | Reached skill level 6 in Ranged Weapons
   224 | D:1      | Found a faded altar of an unknown god.
   614 | D:1      | 614 ||| UPGRADING to +0 helmet.
   619 | D:1      | 619 ||| UPGRADING to +0 ring mail of fire resistance.
   629 | D:1      | 629 ||| DROPPING +0 leather armour.
   630 | D:1      | 630 ||| READING scroll labelled KOOBRA YHUU.
   630 | D:1      | 630 ||| IDENTIFYING amethyst potion
   631 | D:1      | 631 ||| READING scroll labelled AMYAB MACESIT.
   631 | D:1      | 631 ||| ENCHANTING +0 helmet.
   632 | D:1      | 632 ||| READING scroll labelled SAOBEN HUCVUJO.
   633 | D:1      | 633 ||| DROPPING scroll of butterflies.
   634 | D:1      | 634 ||| DROPPING potion of attraction.
   654 | D:2      | 654 ||| RETREEEEATING.
   657 | D:2      | 657 ||| RETREEEEATING.
   660 | D:2      | 660 ||| RETREEEEATING.
   661 | D:2      | 661 ||| RETREEEEATING.
   662 | D:2      | Reached XP level 3. HP: 15/20 MP: 5/5
   680 | D:2      | 680 ||| FLEEEEING.
   704 | D:2      | Reached skill level 7 in Ranged Weapons
  1165 | D:2      | Reached XP level 4. HP: 17/25 MP: 6/6
  1396 | D:2      | 1396 ||| UPGRADING to ring of positive energy.
  1397 | D:2      | 1397 ||| READING scroll of identify.
  1397 | D:2      | 1397 ||| IDENTIFYING fizzy brown potion
  1398 | D:2      | 1398 ||| READING scroll labelled QUZUZE XUH DUE.
  1399 | D:2      | 1399 ||| READING scroll labelled QUFAELUVIS.
  1672 | D:3      | Reached skill level 8 in Ranged Weapons
  1705 | D:3      | 1705 ||| FLEEEEING.
  1706 | D:3      | 1706 ||| FLEEEEING.
  1707 | D:3      | 1707 ||| FLEEEEING.
  1708 | D:3      | 1708 ||| FLEEEEING.
  1939 | D:3      | Found a stormy altar of Qazlal.
  2126 | D:3      | 2126 ||| READING scroll of identify.
  2126 | D:3      | 2126 ||| IDENTIFYING puce potion
  2127 | D:3      | 2127 ||| READING 2 scrolls labelled ELEDYCW SALABB.
  2128 | D:3      | 2128 ||| DRINKING 3 viscous black potions.
  2129 | D:3      | 2129 ||| DROPPING potion of brilliance.
  2130 | D:3      | 2130 ||| DROPPING scroll of revelation.
  2180 | D:4      | Noticed Dowan
  2182 | D:4      | Reached XP level 5. HP: 29/29 MP: 7/7
  2183 | D:4      | Noticed Duvessa
  2187 | D:4      | Noticed a phantom
  2188 | D:4      | 2188 ||| RETREEEEATING.
  2189 | D:4      | 2189 ||| RETREEEEATING.
  2193 | D:4      | 2193 ||| RETREEEEATING.
  2194 | D:4      | 2194 ||| RETREEEEATING.
  2199 | D:4      | 2199 ||| RETREEEEATING.
  2201 | D:4      | HP: 7/29 [phantom (2)]
  2204 | D:4      | 2204 ||| RETREEEEATING.
  2205 | D:4      | 2205 ||| RETREEEEATING.
  2206 | D:4      | 2206 ||| RETREEEEATING.
  2207 | D:4      | HP: 1/29 [phantom (4)]
  2210 | D:4      | Slain by a phantom

Levels and vault maps discovered:
D:1:      elethiomel_arrival_infinity_welcomes_careful_drivers, layout_basic,
          hellmonk_ecumenical_altar_heavens_door
D:2:      layout_basic, st_stairs_11, minmay_lizard_king
D:3:      layout_basic, mainiacjoe_overflow_tiny_flanked
D:4:      layout_basic, kennysheep_generic_room_11, uniq_duvessa,
          uniq_eustachio, uniq_menkaure

Skill      XL: |  1  2  3  4 |
---------------+-------------+-----
Ranged Weapons | 6 7 8 |  8.4
Fighting       | |  1.5
Dodging        | |  2.4
Stealth        | |  1.2

Action                     |  1- 3 |  4- 6 || total
---------------------------+-------+-------++-------
   Fire: Shortbow          |   120 |    86 ||   206
    Use: Scroll            |     3 |     5 ||     8
         Potion            |       |     1 ||     1
 Armour: Leather armour    |    12 |       ||    12
         Ring mail         |    27 |    32 ||    59
  Dodge: Dodged            |    44 |    28 ||    72

Table legend:
 A = Non-vault XP
 B = Vault XP
 C = Vault XP percentage of total XP
 D = Non-vault monster count
 E = Vault monster count
 F = Vault count percentage of total count
                 A         B        C        D         E       F
            +---------+---------+-------+---------+---------+-------
      Total |     187 |      13 |   6.5 |      55 |      12 |  17.9
            +---------+---------+-------+---------+---------+-------
        D:1 |      37 |       0 |   0.0 |      25 |       0 |   0.0
        D:2 |      65 |      13 |  16.7 |      17 |      12 |  41.4
        D:3 |      79 |       0 |   0.0 |      10 |       0 |   0.0
        D:4 |       6 |       0 |   0.0 |       3 |       0 |   0.0
            +---------+---------+-------+---------+---------+-------
